 Dungeon Crawl Stone Soup version 0.19.5 (webtiles) character file.

106 greprep the Sneak (level 4, 0/21 HPs)
             Began as a Spriggan Enchanter on May 4, 2017.
             Slain by an orc
             ... wielding a +0 hand axe
              (6 damage)
             ... on level 3 of the Dungeon.
             The game lasted 00:08:11 (2125 turns).

greprep the Sneak (Spriggan Enchanter)              Turns: 2125, Time: 00:08:11

Health: 0/21       AC:  3    Str:  5    XL:     4   Next: 55%
Magic:  4/10       EV: 19    Int: 16    God:
Gold:   104        SH:  0    Dex: 16    Spells: 2 memorised, 7 levels left

rFire  . . .     SeeInvis +     a - +1 dagger
rCold  + . .     Gourm    .     b - +1 robe
rNeg   . . .     Faith    .     (shield restricted)
rPois  .         Spirit   .     (helmet restricted)
rElec  .         Reflect  .     (no cloak)
rCorr  .         Harm     .     (gloves unavailable)
MR     .....                    (boots unavailable)
Stlth  +++.......               (no amulet)
                                (no ring)
                                j - ring of protection from cold

@: very quick
A: unfitting armour, see invisible, herbivore 3, speed 3, slow metabolism 2
a: no special abilities


You were on level 3 of the Dungeon.
You were full.

You visited 1 branch of the dungeon, and saw 3 of its levels.

You collected 104 gold pieces.

Inventory:

Hand Weapons
 a - a +1 dagger (weapon)
Armour
 b - a +1 robe (worn)
Jewellery
 j - a ring of protection from cold (left hand)
Scrolls
 e - a scroll of noise {unknown}
 g - 2 scrolls of identify {unknown}
 m - a scroll of remove curse {unknown}
 n - a scroll of recharging {unknown}
 o - a scroll of enchant weapon {unknown}
Potions
 f - a potion of heal wounds {unknown}
 h - a potion of degeneration {unknown}
 i - a potion of mutation {unknown}
 k - a potion of haste {unknown}
 l - a potion of curing {unknown}
 p - 2 potions of lignification {unknown}
Books
 c - a book of Maledictions

   Spells                             Type                      Level
   a - Corona                         Hexes                        1
   b - Ensorcelled Hibernation        Hexes/Ice                    2
   c - Confuse                        Hexes                        3
   d - Tukima's Dance                 Hexes                        3
   e - Dazzling Spray                 Conjuration/Hexes            3
Comestibles
 d - 2 bread rations


   Skills:
 + Level 0.2 Fighting
 + Level 2.1 Short Blades
 + Level 3.6 Dodging
 + Level 5.4 Stealth
 + Level 3.6 Spellcasting
 + Level 4.4 Hexes
 + Level 0.2 Ice Magic


You had 7 spell levels left.
You knew the following spells:

 Your Spells              Type           Power        Failure   Level  Hunger
a - Corona                Hex            ###....      3%          1    None
b - Ensorcelled Hibernat  Hex/Ice        ##....       12%         2    ##.....


Dungeon Overview and Level Annotations

Branches:
Dungeon (3/15)

Altars:
Zin


Innate Abilities, Weirdness & Mutations

You are very small and have problems with some larger weapons.
You are too small for most types of armour.
You have supernaturally acute eyesight. (SInv)
You are a herbivore.
You cover ground extremely quickly.
You need consume almost no food.


Message History

The orc looks drowsy...
The orc barely misses you. The orc misses you.
The helpless orc fails to defend itself.
You impale the orc!!
You kill the orc!
The orc hits you with a short sword. The orc misses you.
An orc comes into view. It is wielding a hand axe.
Casting: Ensorcelled Hibernation
Confirm with . or Enter, or press ? or * to list all spells.
Aiming: Ensorcelled Hibernation
Press: ? - help, Shift-Dir - straight line, f - orc
Aim: an orc, wielding a hand axe (chance to defeat MR: 59%)
The orc resists with significant effort.
The orc misses you. The orc hits you with a hand axe.
You hit the orc.
The orc is heavily wounded.
The orc hits you with a short sword.
* * * LOW HITPOINT WARNING * * *
The orc misses you. The orc hits you with a hand axe.
You die...

## .#
###o####
#<.o..$#
##@o#.##
#........#
####....##
#....#
#.#### #..
###


You could see 3 orcs.

Vanquished Creatures
  Jessica (D:2)
  4 adders (D:2)
  A worm (D:2)
  A dart slug (D:2)
  An orc (D:3)
  10 bats
  2 giant cockroaches
  4 goblins
  2 hobgoblins (D:1)
  2 jackals (D:1)
  3 ball pythons
  2 frilled lizards (D:2)
  6 kobolds
  5 rats
44 creatures vanquished.

Notes
Turn   | Place    | Note
-------+----------+-------------------------------------------
     0 | D:1      | greprep the Spriggan Enchanter began the quest for the Orb.
     0 | D:1      | Reached XP level 1. HP: 9/9 MP: 5/5
   203 | D:1      | Reached XP level 2. HP: 8/13 MP: 6/6
   207 | D:1      | Learned a level 2 spell: Ensorcelled Hibernation
  1101 | D:2      | Noticed Jessica
  1225 | D:2      | Reached XP level 3. HP: 7/16 MP: 0/8
  1250 | D:2      | Reached skill level 5 in Stealth
  1342 | D:2      | Killed Jessica
  1342 | D:2      | Reached XP level 4. HP: 12/21 MP: 2/9
  2073 | D:2      | Found a glowing silver altar of Zin.
  2125 | D:3      | Slain by an orc

Skill      XL: |  1  2  3  4 |
---------------+-------------+-----
Hexes          | 4 |  4.4
Spellcasting   | 3 |  3.6
Stealth        | 5 |  5.4
Short Blades   | 2 |  2.1
Fighting       | |  0.2
Dodging        | |  3.6
Ice Magic      | |  0.2

Action                   |  1- 3 |  4- 6 || total
-------------------------+-------+-------++-------
Melee: Dagger            |   128 |    22 ||   150
 Cast: Ensorcelled Hiber |    20 |    15 ||    35
 Stab: Sleeping          |    11 |    10 ||    21
  Eat: Bread ration      |       |     1 ||     1
Armor: Robe              |    34 |     5 ||    39
Dodge: Dodged            |   154 |    26 ||   180
